 Dungeon Crawl Stone Soup version 0.18-a0-1195-g77a4f03 (console) character file.

431 ErgoProxy the Cleaver (level 6, 0/45 HPs)
             Began as a Minotaur Fighter on Jan 29, 2016.
             Was a Follower of Pakellas.
             Succumbed to Sharkman1231's ghost's poison
             ... on level 4 of the Dungeon.
             The game lasted 00:08:43 (2605 turns).

ErgoProxy the Cleaver (Minotaur Fighter)            Turns: 2605, Time: 00:08:43

Health: 0/45       AC:  9    Str: 29    XL:     6   Next: 66%
Magic:  5/5        EV: 11    Int:  5    God:    Pakellas [*.....]
Gold:   161        SH: 10    Dex: 15    Spells: 0 memorised, 5 levels left

rFire  + . .     SeeInvis .     a - +0 war axe
rCold  . . .     Gourm    .     u - +0 chain mail
rNeg   . . .     Faith    .     c - +0 shield
rPois  .         Spirit   .     (helmet restricted)
rElec  .         Dismiss  .     (no cloak)
rCorr  .         Reflect  .     (no gloves)
SustAt .         Harm     .     (no boots)
MR     .....                    (no amulet)
Stlth  ..........               (no ring)
                                y - ring of wizardry

@: mighty, agile, lethally poisoned (0 -> -10), about to teleport, very slightly
contaminated, not resistant to hostile enchantments, extremely unstealthy
A: retaliatory headbutt, horns 2, fire resistance 1, frail 1, strong 1
a: Quick Charge, Renounce Religion


You were on level 4 of the Dungeon.
You worshipped Pakellas.
Pakellas was aware of your devotion.
You were hungry.

You visited 1 branch of the dungeon, and saw 4 of its levels.

You collected 161 gold pieces.

Inventory:

Hand Weapons
 a - a +0 war axe (weapon)
Missiles
 A - 6 needles of confusion
Armour
 c - a +0 shield (worn)
 u - a +0 chain mail (worn)
Jewellery
 y - a ring of wizardry (left hand)
Wands
 z - a wand of flame (11/48)
Scrolls
 k - 3 scrolls of magic mapping
 p - 3 scrolls of remove curse
 r - a scroll of fog {unknown}
 w - a scroll of enchant weapon {unknown}
Potions
 d - 3 potions of might
 e - a potion of haste
 l - a potion of magic
 t - 2 potions of brilliance
Comestibles
 f - 3 bread rations
 i - 2 meat rations
 o - 4 fruits
 v - 2 beef jerkies


   Skills:
 - Level 3.6 Fighting
 + Level 8.7 Axes
 - Level 3.6 Armour
 - Level 3.6 Shields


You had 5 spell levels left.
You didn't know any spells.

Dungeon Overview and Level Annotations

Branches:
Dungeon (4/15)
 Temple: D:4-7

Altars:
Pakellas
Vehumet


Innate Abilities, Weirdness & Mutations

You reflexively headbutt those who attack you in melee.
You have a pair of horns on your head.
Your flesh is heat resistant.
You are frail (-10% HP).
Your muscles are strong. (Str +2)


Message History

* * * LOW HITPOINT WARNING * * *
You feel sick.
You hear a shout! x2; You hear a bark!
You hear a shout!
Read which item? (? for menu, Esc to quit)
Blink to where?
Press: ? - help, Dir - move target cursor You are very lightly contaminated with residual magic.
As you read the scroll labeled URUOTT HOREGE, it crumbles to dust.
It was a scroll of blinking.
* * * LOW HITPOINT WARNING * * *
You feel sick.
Read which item? (? for menu, Esc to quit)
As you read the scroll labeled YCISIE LELI, it crumbles to dust.
You feel strangely unstable.
It was a scroll of teleportation.
* * * LOW HITPOINT WARNING * * *
You feel sick.
Read which item? (? for menu, Esc to quit)
As you read the scroll labeled VIPTOICR NIZA, it crumbles to dust.
You feel blessed for a moment.
It was a scroll of remove curse.
You die...

............##.....##.....#
......(.....##.....##.....#
..........>..).....##.....#
............##.....##.....#
............##...†.##......
...........######.###<.....
..........###..)....[.....#
#.##....###..###..###..###
#.....@..# #..# ...#
#.###.#...#####....#..###
......#.#.......#....# ...
#........#######...
.......#.#§##.# #...#
.......##.#)##.(. #..##
........##.#..###.#
.........#.<##.###.####
............#).........


There were no monsters in sight!

Vanquished Creatures
  The ghost of Sharkman1231 the Skirmisher, an amateur KoAK of Lugonu (D:4)
  A slave (D:4)
  An ogre (D:4)
  An orc priest (D:4)
  2 orc wizards (D:4)
  2 worker ants
  4 adders
  2 worms (D:2)
  4 giant geckos
  4 orcs
  4 giant cockroaches
  11 goblins
  3 hobgoblins
  5 jackals
  5 bats
  3 giant newts
  3 kobolds
  A rat (D:2)
57 creatures vanquished.

Notes
Turn   | Place    | Note
--------------------------------------------------------------
     0 | D:1      | ErgoProxy the Minotaur Fighter began the quest for the Orb.
     0 | D:1      | Reached XP level 1. HP: 19/19 MP: 0/0
   522 | D:2      | Reached XP level 2. HP: 21/26 MP: 1/1
   651 | D:2      | Found an oddly glowing altar of Pakellas.
   659 | D:2      | Became a worshipper of Pakellas the Inventive
   710 | D:2      | Reached skill level 4 in Axes
   856 | D:2      | Reached XP level 3. HP: 29/31 MP: 2/2
  1593 | D:3      | Reached * piety under Pakellas
  1687 | D:3      | Reached skill level 5 in Axes
  1871 | D:3      | Reached XP level 4. HP: 35/39 MP: 3/3
  1963 | D:3      | Found a radiant altar of Vehumet.
  2357 | D:4      | Noticed a slave
  2369 | D:3      | Reached skill level 6 in Axes
  2386 | D:4      | Killed a slave
  2409 | D:4      | Noticed an ogre
  2414 | D:4      | Killed an ogre
  2414 | D:4      | Reached skill level 7 in Axes
  2414 | D:4      | Reached XP level 5. HP: 34/45 MP: 4/4
  2552 | D:4      | Noticed Sharkman1231's ghost (amateur KoAK)
  2587 | D:4      | Gained mutation: You are frail (-10% HP). [potion of mutation]
  2587 | D:4      | Gained mutation: Your muscles are strong. (Str +2) [potion of mutation]
  2587 | D:4      | Gained mutation: Your flesh is heat resistant. [potion of mutation]
  2595 | D:4      | Killed Sharkman1231's ghost
  2595 | D:4      | Reached skill level 8 in Axes
  2595 | D:4      | Reached XP level 6. HP: 13/45 MP: 5/5
  2602 | D:4      | HP: 2/45 [poisoned by Sharkman1231's ghost]
  2605 | D:4      | Succumbed to Sharkman1231's ghost's poison

Vault maps used:
D:1:      matt_arrival_grand_opening
D:2:      grunt_pakellas_sulfur
D:3:      vehumet_altar_wand_db, serial_bayou_crossing
D:4:      lemuel_coloured_pillars_altar, uniq_pikel

Action                   |  1- 3 |  4- 6 || total
-------------------------+-------+-------++-------
Melee: War axe           |    85 |    90 ||   175
  Use: Scroll            |     3 |     6 ||     9
       Potion            |       |     6 ||     6
  Eat: Chunk             |     2 |     3 ||     5
